 Dungeon Crawl Stone Soup version 0.20-a0-470-gbb038bd (webtiles) character file.

14838 Colliwobble the Impaler (level 11, -1/105 HPs)
             Began as a Minotaur Fighter on Jan 13, 2017.
             Was a Follower of Ru.
             Slain by lagrange's ghost (18 damage)
             ... on level 1 of the Lair of Beasts.
             The game lasted 00:34:08 (14443 turns).

Colliwobble the Impaler (Minotaur Fighter)         Turns: 14443, Time: 00:34:09

Health: -1/105     AC: 16    Str: 29    XL:     11   Next: 94%
Magic:  10/10      EV:  8    Int:  3    God:    Ru [*.....]
Gold:   840        SH:  0    Dex: 10    Spells: 10/10 levels left

rFire  . . .     SeeInvis .     N - +0 glaive
rCold  . . .     Gourm    .     i - +1 plate armour
rNeg   . . .     Faith    .     (shield currently unavailable)
rPois  .         Spirit   .     (helmet restricted)
rElec  .         Reflect  .     (no cloak)
rCorr  .         Harm     .     (no gloves)
MR     .....                    (no boots)
Stlth  ..........               (no amulet)
                                (no ring)
                                (no ring)

@: confused, mighty, lethally poisoned (-1 -> -2)
A: retaliatory headbutt, horns 2, dopey 1, inability to train dodging
a: Renounce Religion


You were on level 1 of the Lair of Beasts.
You worshipped Ru.
Ru was aware of your devotion.
You were hungry.

You visited 3 branches of the dungeon, and saw 13 of its levels.
You also visited: Ossuary.

You collected 840 gold pieces.

Inventory:

Hand Weapons
 a - a +0 trident
 s - a +1 scimitar of flaming
 N - a +0 glaive (weapon)
Missiles
 z - 12 tomahawks (quivered)
Armour
 c - a +0 shield
 i - a +1 plate armour (worn)
Wands
 q - a wand of flame (7/48)
 F - a wand of random effects (8/48)
Scrolls
 e - 8 scrolls of teleportation
 g - 2 scrolls of fear {unknown}
 h - 2 scrolls of identify
 l - 7 scrolls of remove curse
 m - a scroll of recharging {unknown}
 p - 5 scrolls of magic mapping {unknown}
 r - a scroll of amnesia {unknown}
 y - 2 scrolls of enchant weapon {unknown}
 C - a scroll of summoning {unknown}
 D - 2 scrolls of fog {unknown}
 E - 2 scrolls of noise {unknown}
 G - a scroll of acquirement
 H - a scroll of enchant armour
 O - a scroll of blinking
Potions
 j - a potion of magic
 k - 2 potions of ambrosia
 n - 3 potions of invisibility
 o - 5 potions of heal wounds
 t - 2 potions of brilliance
 u - 3 potions of cancellation
 v - 2 potions of flight
 B - 7 potions of curing
 J - 3 potions of agility
Books
 x - a book of Minor Magic

   Spells                             Type                      Level
   a - Magic Dart                     Conjuration                  1
   b - Blink                          Translocation                2
   c - Call Imp                       Summoning                    2
   d - Repel Missiles                 Charms/Air                   2
   e - Slow                           Hexes                        2
   f - Conjure Flame                  Conjuration/Fire             3
   g - Mephitic Cloud                 Conjuration/Poison/Air       3
 A - a book of Frost

   Spells                             Type                      Level
   a - Freeze                         Ice                          1
   b - Throw Frost                    Conjuration/Ice              2
   c - Ozocubu's Armour               Charms/Ice                   3
   d - Throw Icicle                   Conjuration/Ice              4
   e - Summon Ice Beast               Ice/Summoning                4
Comestibles
 b - 7 slices of pizza
 f - 7 bread rations
 w - 13 fruits
 I - 4 meat rations
 K - a chunk of flesh


   Skills:
 + Level 12.3 Fighting
 - Level 15.1 Polearms
 + Level 12.4 Armour
 - Level 0.3 Stealth
 - Level 3.6 Shields


You had 10 spell levels left.
You didn't know any spells.

Dungeon Overview and Level Annotations

Branches:
Dungeon (11/15)            Temple (1/1) D:4            Lair (1/6) D:11
    Orc (0/2) D:10

Altars:
Ashenzari
Cheibriados
Dithmenos
Elyvilon
Fedhas
Gozag
Hepliaklqana
Kikubaaqudgha
Makhleb
Nemelex Xobeh
Okawaru
Qazlal
Ru
Sif Muna
Trog
Uskayaw
Vehumet
Xom
Yredelemnul
Zin
The Shining One

Shops:
D:7 [   D:8 [

Portals:
Abyss: D:8

Annotations:
D:6 exclusion: downstairs
D:7 exclusion: downstairs
D:10 water vault?
Lair:1 !unseen horror above, exclusion: upstairs, lagrange's ghost, journeyman SpVM


Innate Abilities, Weirdness & Mutations

You reflexively headbutt those who attack you in melee.
You have a pair of horns on your head.
You are dopey. (Int -2)
You cannot train Dodging skill.


Message History

Lagrange's ghost hits you but does no damage.
You bump into the rock wall.
You are engulfed in noxious fumes.
You choke on the stench!
You are more confused.
* * * LOW HITPOINT WARNING * * *
Lagrange's ghost is stunned by your will and fails to attack.
You closely miss lagrange's ghost.
Lagrange's ghost is moderately damaged.
You are engulfed in noxious fumes.
* * * LOW HITPOINT WARNING * * *
Lagrange's ghost casts a spell at you.
The ball explodes into a vile cloud!
The stinking cloud engulfs you!
The stinking cloud engulfs lagrange's ghost.
Lagrange's ghost appears unharmed.
You're too confused to move!
You feel sick.
Lagrange's ghost begins to cast a spell, but is stunned by your will!
You bump into the rock wall.
Lagrange's ghost hits you.
* * * LOW HITPOINT WARNING * * *
You are electrocuted!
You die...

♣♣♣ ♣♣ ♣#.## ..
... .# . #.#
.###.#. #
#<###.#.#... #.
#......#.... P.
#######§#.........
.
#....§@W..........
##.######.........
#....###.. #W..##
# ##?#.# .#
#....### P.#
#.#(...# #.#
#....P.#
#.###.##.#.#


You could see lagrange's ghost.

Vanquished Creatures
  A hydra (D:8)
  2 two-headed ogres (D:9)
  Erica (D:9)
  Maurice (D:9)
  A tengu conjurer (D:9)
  2 trolls
  4 hippogriffs
  2 dream sheep (D:8)
  3 wyverns
  7 yaks
  Grum (D:9)
  2 hungry ghosts
  Edmund (D:4)
  Duvessa (D:5)
  3 water moccasins (Lair:1)
  2 porcupines
  6 orc warriors
  4 black bears
  A necrophage (D:8)
  2 sky beasts
  An ice beast (D:11)
  4 ogres
  5 phantoms
  4 centaurs
  4 wolves
  5 crocodiles
  4 big kobolds
  14 bullfrogs
  3 water moccasin zombies (Ossuary)
  Dowan (D:5)
  6 scorpions
  10 killer bees
  5 howler monkeys
  An electric eel (D:9)
  2 crimson imps
  A quasit (D:9)
  6 hounds
  A jelly (D:9)
  A bullfrog zombie (D:8)
  A gnoll shaman (D:4)
  Crazy Yiuf (D:5)
  2 bullfrog skeletons
  5 centaur skeletons
  8 orc priests
  5 iguanas
  14 orc wizards
  7 worker ants
  4 big kobold zombies (Ossuary)
  3 hound skeletons
  2 mummies (Ossuary)
  A worker ant zombie (D:6)
  A howler monkey skeleton (D:4)
  8 gnolls
  18 adders
  A shadow imp (D:10)
  5 adder zombies (Ossuary)
  5 adder skeletons
  2 worms
  A dart slug (D:1)
  3 leopard geckos
  55 orcs
  6 giant cockroaches
  A gnoll zombie (Ossuary)
  5 hobgoblins (D:3)
  2 jackals (D:3)
  5 quokkas
  6 bats
  8 frilled lizards
  5 goblins
  6 hobgoblin zombies (Ossuary)
  A jackal skeleton (D:4)
  13 kobolds
  3 kobold zombies (Ossuary)
  A leopard gecko skeleton (D:6)
  8 orc zombies (Ossuary)
  2 quokka skeletons
  A quokka zombie (D:7)
  3 rats
  A plant (D:11)
354 creatures vanquished.

Notes
Turn   | Place    | Note
-------+----------+-------------------------------------------
     0 | D:1      | Colliwobble the Minotaur Fighter began the quest for the Orb.
     0 | D:1      | Reached XP level 1. HP: 19/19 MP: 0/0
   265 | D:1      | Reached skill level 3 in Polearms
   291 | D:1      | Reached XP level 2. HP: 26/26 MP: 1/1
   661 | D:2      | Reached skill level 4 in Polearms
   763 | D:2      | Reached XP level 3. HP: 31/31 MP: 2/2
  1918 | D:3      | Reached skill level 5 in Polearms
  1951 | D:3      | Reached XP level 4. HP: 23/39 MP: 3/3
  2433 | D:4      | Reached skill level 6 in Polearms
  2440 | D:4      | Reached XP level 5. HP: 45/45 MP: 4/4
  2853 | D:4      | Reached skill level 7 in Polearms
  2969 | D:4      | Got a blackened scale mail
  2981 | D:4      | Identified the cursed +0 scale mail of Tulips {rF- rN++ SInv} (You found it on level 4 of the Dungeon)
  2988 | D:4      | Noticed a phantom
  3036 | D:4      | Killed a phantom
  3036 | D:4      | Reached XP level 6. HP: 31/51 MP: 5/5
  3242 | D:4      | Found a staircase to the Ecumenical Temple.
  3243 | D:4      | Found a sparkling altar of Nemelex Xobeh.
  3250 | Temple   | Entered the Ecumenical Temple
  3448 | Temple   | Became a worshipper of Ru the Awakened
  3581 | D:4      | Reached skill level 8 in Polearms
  3817 | D:4      | Found a white marble altar of Elyvilon.
  4260 | D:5      | Entered Level 5 of the Dungeon
  4307 | D:5      | Noticed Edmund
  4308 | D:5      | Reached skill level 9 in Polearms
  4335 | D:4      | Killed Edmund
  4335 | D:4      | Reached XP level 7. HP: 43/57 MP: 6/6
  4574 | D:5      | Noticed Duvessa
  4574 | D:5      | Noticed Dowan
  4584 | D:5      | Killed Duvessa
  4584 | D:5      | Reached skill level 10 in Polearms
  4591 | D:5      | Killed Dowan
  4788 | D:5      | Found a runed door.
  4947 | D:5      | Noticed Crazy Yiuf
  4954 | D:5      | Killed Crazy Yiuf
  5128 | D:5      | Reached skill level 11 in Polearms
  5128 | D:5      | Reached XP level 8. HP: 55/64 MP: 7/7
  5168 | D:5      | You fall through a shaft!
  5203 | D:6      | Found a sand-covered staircase.
  5216 | Ossuary  | Entered an ossuary
  5379 | Ossuary  | Reached skill level 12 in Polearms
  5743 | D:6      | Reached skill level 13 in Polearms
  6404 | D:7      | Noticed a hippogriff
  6419 | D:7      | Killed a hippogriff
  6419 | D:7      | Reached XP level 9. HP: 47/70 MP: 8/8
  6607 | D:7      | Reached skill level 14 in Polearms
  6969 | D:7      | Reached skill level 15 in Polearms
  7329 | D:7      | Found Wompoimp's Armour Shop.
  7918 | D:8      | Found a one-way gate to the infinite horrors of the Abyss.
  7918 | D:8      | Noticed a rust devil
  7924 | D:8      | Noticed a rust devil
  7966 | D:8      | Reached skill level 5 in Fighting
  8185 | D:7      | Reached skill level 5 in Armour
  8458 | D:8      | Noticed a two-headed ogre
  8595 | D:8      | Found a deep blue altar of Sif Muna.
  8689 | D:8      | Reached XP level 10. HP: 83/83 MP: 9/9
  8727 | D:8      | Found a deep blue altar of Sif Muna.
  9354 | D:8      | Found Xusicepoc's Antique Armour Boutique.
  9470 | D:8      | Noticed a two-headed hydra
  9488 | D:8      | Killed a two-headed hydra
  9500 | D:8      | Gained mutation: You are dopey. (Int -2) [Ru sacrifice]
 10071 | D:9      | Found an opulent altar of Gozag.
 10072 | D:9      | Found a hazy altar of Hepliaklqana.
 10073 | D:9      | Found a hide-covered altar of Uskayaw.
 10073 | D:9      | Found a radiant altar of Vehumet.
 10140 | D:9      | Noticed Maurice
 10197 | D:9      | Noticed Erica
 10212 | D:9      | Killed Erica
 10249 | D:9      | Noticed a two-headed ogre
 10252 | D:9      | Reached XP level 11. HP: 99/99 MP: 10/10
 10265 | D:9      | Killed a two-headed ogre
 10265 | D:9      | Reached skill level 10 in Fighting
 10265 | D:9      | Reached skill level 10 in Armour
 10865 | D:9      | Found a glowing silver altar of Zin.
 11004 | D:9      | Noticed Grum
 11037 | D:9      | Killed Grum
 12177 | D:9      | Noticed a two-headed ogre
 12183 | D:9      | Killed a two-headed ogre
 12201 | D:9      | Killed Maurice
 12215 | D:10     | Entered Level 10 of the Dungeon
 12423 | D:9      | Upgraded the game from 0.20-a0-465-g6513c8f to 0.20-a0-470-gbb038bd
 12545 | D:10     | Gained mutation: You cannot train Dodging skill. [Ru sacrifice]
 12545 | D:10     | Reached * piety under Ru
 12893 | D:10     | Found a staircase to the Orcish Mines.
 13773 | D:11     | Found a staircase to the Lair.
 13783 | Lair:1   | Entered Level 1 of the Lair of Beasts
 13795 | Lair:1   | Identified a scroll of acquirement
 14006 | Lair:1   | Noticed lagrange's ghost (journeyman SpVM)
 14048 | Lair:1   | HP: 5/105 [poisoned by lagrange's ghost (sting)]
 14053 | Lair:1   | HP: 4/105 [poisoned by lagrange's ghost (sting)]
 14060 | Lair:1   | HP: 4/105 [poisoned by lagrange's ghost (sting)]
 14068 | Lair:1   | HP: 5/105 [poisoned by lagrange's ghost (sting)]
 14443 | Lair:1   | Slain by lagrange's ghost

Vault maps used:
D:1:      lightli_arrival_maybe_door_vault
D:3:      mrwooster_statue_mirror, minmay_box_of_dots
D:4:      elyvilon_altar_3, nemelex_xobeh_ov_fountains_minmay
D:5:      first_bread, uniq_duvessa, uniq_crazy_yiuf_cottage, uniq_edmund
D:6:      kennysheep_six_static_rooms, nicolae_ossuary_entry_ruins,
          hangedman_abyss_or_decor_lesser_grid
D:7:      serial_shops, shop_statue
D:8:      kennysheep_orc_sif_temple, lemuel_doored_altar, serial_shops, shop,
          hangedman_ranch, kennysheep_cluttered_room, lemuel_hellish_altar
D:9:      grunt_temple_overflow_open, nrook_pool_corridor, uniq_grum,
          uniq_maurice, uniq_erica
D:10:     statuecave_lemuel, hiddenorc1_lemuel
D:11:     minmay_lair_entry_grove, serial_bayou_pond_e,
          small_statue_intersection
Temple:   nicolae_temple_figure_eight
Lair:1:   wad_woods_road_04
Ossuary:  ossuary_tomb_2

Skill      XL: |  1  2  3  4  5  6  7  8  9 10 11 |
---------------+----------------------------------+-----
Polearms       | 3 4 5 6 7 9 11 13 15 | 15.1
Fighting       | 5 9 12 | 12.3
Armour         | 5 9 12 | 12.4
Stealth        | |  0.3
Shields        | |  3.6

Action                   |  1- 3 |  4- 6 |  7- 9 | 10-12 || total
-------------------------+-------+-------+-------+-------++-------
Melee: Trident           |   149 |   213 |   498 |   506 ||  1366
       Headbutt          |    12 |    36 |    93 |   127 ||   268
       Glaive            |       |       |       |   141 ||   141
Throw: Tomahawk          |       |     7 |     6 |     3 ||    16
Invok: Reject Sacrifices |       |       |     1 |       ||     1
       Sacrifice Purity  |       |       |       |     1 ||     1
       Sacrifice Nimblen |       |       |       |     1 ||     1
Evoke: Wand              |       |       |       |     1 ||     1
  Use: Scroll            |       |     4 |     9 |     8 ||    21
       Potion            |       |       |       |     2 ||     2
  Eat: Chunk             |     3 |     7 |    13 |    20 ||    43
       Fruit             |       |       |     1 |       ||     1
       Pizza             |       |       |     1 |       ||     1
       Beef jerky        |       |       |     1 |       ||     1
Armor: Scale mail        |     6 |       |       |       ||     6
       Plate armour      |    59 |    93 |   188 |   326 ||   666
Dodge: Dodged            |    12 |    26 |    51 |   112 ||   201
Block: Shield            |    73 |    90 |   172 |   146 ||   481
